Devils vs Avalanche
Created - 21 mars 2013 at 21:29
Goals
|
| Devils |
1 |
3 |
1 |
5 |
| Avalanche |
0 |
1 |
0 |
1 |
|
Shots
|
| Devils |
12 |
11 |
12 |
35 |
| Avalanche |
12 |
14 |
6 |
32 |
|
1st period
1. Devils , Peter Prucha 10 (Richard Matvichuk) at 14:02
Penalties :
Sami Salo (Col) for Hooking (Minor) at 9:42, Chris Kunitz (NJD) for Interference (Minor) at 9:42
2nd period
2. Devils , Henrik Zetterberg 25 (Anze Kopitar) at 0:56
3. Avalanche , Mike Comrie 17 (Dave Tanabe, Jason Pominville) at 12:13
4. Devils , Teemu Selanne 26 (Chris Pronger) at 12:59
5. Devils , Teemu Selanne 27 (Anze Kopitar, Henrik Zetterberg) at 15:04
Penalties :
Ryan Smyth (Col) for Holding (Minor) at 3:49
3rd period
6. Devils , Ramzi Abid 19 (Marian Hossa) at 18:57
Penalties :
Radim Vrbata (Col) for Hooking (Minor) at 1:09, Andrew Ladd (Col) for Holding (Minor) at 11:02, Oleg Kvasha (Col) for Holding Stick (Minor) at 15:23
Goalie Stats
Jimmy Howard (NJD), 31 saves from 32 shots - (0,969), W, 22-15-2, 60:00 minutes
Patrick Lalime (Col), 30 saves from 35 shots - (0,857), L, 7-8-1, 60:00 minutes
Players Stats for Devils
Player Name G A P +/- PIM S H SB GA TA FO MP PP MP PK MP
------------------------------------------------------------------------------------
Anze Kopitar 0 2 2 2 0 1 2 1 0 0 12/29 21:40 4:10 0:00
Ben Lovejoy 0 0 0 0 0 1 1 2 0 0 0/0 21:00 4:39 0:00
Chris Kunitz 0 0 0 1 2 0 1 0 0 0 0/0 11:28 0:12 0:00
Chris Pronger 0 1 1 3 0 0 0 2 0 0 0/0 22:46 3:17 0:00
Doug Weight 0 0 0 1 0 1 4 1 0 0 15/19 14:03 0:00 0:00
Greg De Vries 0 0 0 0 0 1 1 0 0 0 0/0 19:36 0:00 0:00
Henrik Zetterberg 1 1 2 2 0 3 2 0 0 0 1/1 21:05 3:34 0:00
Jason Williams 0 0 0 0 0 2 0 0 0 0 1/1 8:36 0:00 0:00
Marian Hossa 0 1 1 1 0 4 1 0 2 1 1/1 18:16 3:34 0:00
Olli Jokinen 0 0 0 1 0 3 0 0 2 0 2/6 14:48 3:34 0:00
Peter Prucha 1 0 1 1 0 2 1 0 0 0 0/0 11:54 0:24 0:00
Radek Dvorak 0 0 0 0 0 0 1 0 0 0 0/0 9:04 0:12 0:00
Raffi Torres 0 0 0 0 0 1 0 0 0 0 0/1 8:52 0:00 0:00
Ramzi Abid 1 0 1 1 0 2 0 0 0 0 0/0 17:31 4:00 0:00
Richard Matvichuk 0 1 1 1 0 1 2 0 1 1 0/0 13:24 0:00 0:00
Roman Hamrlik 0 0 0 4 0 0 2 0 0 1 0/0 18:46 3:17 0:00
Sergei Zubov 0 0 0 0 0 7 0 1 1 0 0/0 24:28 4:39 0:00
Teemu Selanne 2 0 2 2 0 6 0 0 1 0 0/4 20:43 4:08 0:00
Players Stats for Avalanche
Player Name G A P +/- PIM S H SB GA TA FO MP PP MP PK MP
------------------------------------------------------------------------------------
Andrew Ladd 0 0 0 0 2 2 1 0 0 0 0/0 11:28 0:00 2:24
Chuck Kobasew 0 0 0 0 0 1 0 1 0 1 0/0 13:16 0:00 3:56
Dave Tanabe 0 1 1 0 0 0 1 0 0 0 0/0 19:24 0:00 3:24
Dustin Byfuglien 0 0 0 0 0 0 2 1 0 0 0/1 8:12 0:00 0:00
Éric Perrin 0 0 0 0 0 3 0 0 0 0 3/3 10:20 0:00 1:34
Jack Johnson 0 0 0 -1 0 1 0 1 1 1 0/0 24:29 0:00 3:24
Jason Pominville 0 1 1 -2 0 1 1 0 0 0 0/1 18:14 0:00 0:00
Jeff Taffe 0 0 0 0 0 0 1 0 0 1 0/0 10:35 0:00 1:57
Marc Staal 0 0 0 -1 0 2 0 1 0 1 0/0 25:24 0:00 4:32
Mattias Norstrom 0 0 0 -3 0 0 0 1 0 1 0/0 14:32 0:00 0:00
Maxim Talbot 0 0 0 0 0 1 0 0 0 0 5/9 12:37 0:00 3:59
Mike Comrie 1 0 1 -2 0 2 0 0 1 1 13/29 19:51 0:00 1:52
Oleg Kvasha 0 0 0 -2 2 5 1 0 1 0 6/15 16:28 0:00 0:00
Ossi Vaananen 0 0 0 0 0 2 1 1 0 0 0/0 20:19 0:00 4:32
Radim Vrbata 0 0 0 -2 2 1 1 0 0 0 1/1 15:57 0:00 0:00
Rostislav Olesz 0 0 0 -2 0 4 1 0 0 0 0/1 15:40 0:00 0:10
Ryan Smyth 0 0 0 -2 2 5 0 0 0 0 2/2 18:30 0:00 0:00
Sami Salo 0 0 0 -3 2 2 1 0 0 1 0/0 14:44 0:00 0:00
3 Stars
1 - Teemu Selanne (NJD)
2 - Henrik Zetterberg (NJD)
3 - Jimmy Howard (NJD)
Power Play
Devils - 0 on 4 Attempt(s) - 0,00%
Avalanche - 0 on 0 Attempt(s) - 0,00%
Penalty Kill
Devils - 0 on 0 Attempt(s) - 0,00%
- Score 0 goal in Penalty Kill
Avalanche - 4 on 4 Attempt(s) - 100,00%
- Score 0 goal in Penalty Kill
Official
Referees : Furlatt Eric and Ciamaga Chris
Linesman : Darren Gibbs and Mark Pare
Game Notes
No Game Note
Finance
Level 1 -- Attendance: 5904 (98,40%) -- Ticket Income 537 264 $
Level 2 -- Attendance: 4823 (96,46%) -- Ticket Income 265 265 $
Level 3 -- Attendance: 1976 (98,80%) -- Ticket Income 61 256 $
Level 4 -- Attendance: 3536 (88,40%) -- Ticket Income 67 184 $
Luxury Box -- Attendance: 844 (84,40%) -- Ticket Income 151 076 $
Game was played at the Pepsi Center
Total Attendance: 17083 (94,91%)
Total Ticket Income: 1 082 045 $
Total Income: 1 082 045 $
Devils
5 vs 5 Forward
Center Left Wing Right Wing Time % Phy DF OF
1 Anze Kopitar Henrik Zetterberg Teemu Selanne 40 0 2 3
2 Doug Weight Ramzi Abid Marian Hossa 30 0 2 3
3 Olli Jokinen Chris Kunitz Peter Prucha 20 0 2 3
4 Jason Williams Raffi Torres Radek Dvorak 10 0 4 1
5 vs 5 Defense
Defense Defense Time % Phy DF OF
1 Sergei Zubov Greg De Vries 40 0 2 3
2 Chris Pronger Ben Lovejoy 30 0 2 3
3 Richard Matvichuk Roman Hamrlik 20 0 2 3
4 Roman Hamrlik Chris Pronger 10 0 2 3
PowerPlay Forward
Center Left Wing Right Wing Time % Phy DF OF
1 Anze Kopitar Ramzi Abid Teemu Selanne 60 0 1 4
2 Olli Jokinen Henrik Zetterberg Marian Hossa 40 0 1 4
PowerPlay Defense
Defense Defense Time % Phy DF OF
1 Sergei Zubov Ben Lovejoy 60 1 2 2
2 Chris Pronger Roman Hamrlik 40 1 2 2
Penalty Kill 4 Players Forward
Center Wing Time % Phy DF OF
1 Doug Weight Teemu Selanne 60 0 3 2
2 Anze Kopitar Marian Hossa 40 0 3 2
Penalty Kill 4 Players Defense
Defense Defense Time % Phy DF OF
1 Chris Pronger Roman Hamrlik 60 0 4 1
2 Greg De Vries Sergei Zubov 40 0 4 1
Penalty Kill - 3 Players Forward
Forward Time % Phy DF OF
1 Anze Kopitar 60 1 2 2
2 Olli Jokinen 40 1 2 2
Penalty Kill - 3 Players Defense
Defense Defense Time % Phy DF OF
1 Sergei Zubov Greg De Vries 60 1 3 1
2 Chris Pronger Richard Matvichuk 40 1 3 1
4 vs 4 Forward
Center Wing Time % Phy DF OF
1 Olli Jokinen Marian Hossa 60 1 2 2
2 Anze Kopitar Henrik Zetterberg 40 1 2 2
4 vs 4 Defense
Defense Defense Time % Phy DF OF
1 Sergei Zubov Ben Lovejoy 60 1 2 2
2 Chris Pronger Richard Matvichuk 40 1 2 2
Last Minutes Offensive
Center Left Wing Right Wing Defense Defense
Anze Kopitar Henrik Zetterberg Marian Hossa Sergei Zubov Chris Pronger
Last Minutes Defensive
Center Left Wing Right Wing Defense Defense
Anze Kopitar Henrik Zetterberg Marian Hossa Sergei Zubov Chris Pronger
Goaltenders
Starting : Jimmy Howard
Backup : Dan Ellis
Extra Forwards
Normal : Olli Jokinen, Marian Hossa, Peter Prucha - PP : Olli Jokinen, Peter Prucha - PK : Henrik Zetterberg
Extra Defensemen
Normal : Greg De Vries, Ben Lovejoy, Roman Hamrlik - PP : Richard Matvichuk - PK : Ben Lovejoy, Richard Matvichuk
Penalty Shots
Anze Kopitar, Henrik Zetterberg, Ramzi Abid, Teemu Selanne, Marian Hossa
Avalanche
5 vs 5 Forward
Center Left Wing Right Wing Time % Phy DF OF
1 Mike Comrie Ryan Smyth Jason Pominville 40 1 2 2
2 Oleg Kvasha Rostislav Olesz Radim Vrbata 30 1 2 2
3 Maxim Talbot Jeff Taffe Chuck Kobasew 15 1 2 2
4 Éric Perrin Andrew Ladd Dustin Byfuglien 15 2 2 1
5 vs 5 Defense
Defense Defense Time % Phy DF OF
1 Marc Staal Jack Johnson 40 1 2 2
2 Ossi Vaananen Dave Tanabe 30 1 2 2
3 Mattias Norstrom Sami Salo 30 1 2 2
4 Jack Johnson Marc Staal 0 1 2 2
PowerPlay Forward
Center Left Wing Right Wing Time % Phy DF OF
1 Mike Comrie Ryan Smyth Jason Pominville 60 1 2 2
2 Oleg Kvasha Rostislav Olesz Radim Vrbata 40 1 2 2
PowerPlay Defense
Defense Defense Time % Phy DF OF
1 Jack Johnson Sami Salo 60 1 2 2
2 Marc Staal Dave Tanabe 40 1 2 2
Penalty Kill 4 Players Forward
Center Wing Time % Phy DF OF
1 Maxim Talbot Chuck Kobasew 60 1 2 2
2 Mike Comrie Andrew Ladd 40 1 2 2
Penalty Kill 4 Players Defense
Defense Defense Time % Phy DF OF
1 Marc Staal Ossi Vaananen 60 1 2 2
2 Jack Johnson Dave Tanabe 40 1 2 2
Penalty Kill - 3 Players Forward
Forward Time % Phy DF OF
1 Ryan Smyth 60 1 2 2
2 Jason Pominville 40 1 2 2
Penalty Kill - 3 Players Defense
Defense Defense Time % Phy DF OF
1 Marc Staal Ossi Vaananen 60 1 2 2
2 Jack Johnson Dave Tanabe 40 1 2 2
4 vs 4 Forward
Center Wing Time % Phy DF OF
1 Ryan Smyth Jason Pominville 60 1 2 2
2 Oleg Kvasha Mike Comrie 40 1 2 2
4 vs 4 Defense
Defense Defense Time % Phy DF OF
1 Dave Tanabe Sami Salo 60 1 2 2
2 Marc Staal Jack Johnson 40 1 2 2
Last Minutes Offensive
Center Left Wing Right Wing Defense Defense
Mike Comrie Ryan Smyth Jason Pominville Dave Tanabe Sami Salo
Last Minutes Defensive
Center Left Wing Right Wing Defense Defense
Mike Comrie Ryan Smyth Jason Pominville Marc Staal Jack Johnson
Goaltenders
Starting : Patrick Lalime
Backup : Antti Niemi
Extra Forwards
Normal : Radim Vrbata, Chuck Kobasew, Andrew Ladd - PP : Andrew Ladd, Dustin Byfuglien - PK : Andrew Ladd
Extra Defensemen
Normal : Ossi Vaananen, Jack Johnson, Marc Staal - PP : Ossi Vaananen - PK : Jack Johnson, Marc Staal
Penalty Shots
Ryan Smyth, Oleg Kvasha, Andrew Ladd, Radim Vrbata, Mike Comrie
% Time on Ice - Devils
Lines # - Real PCT - Wanted PCT - Time Play
Normal Forward
1 - 34% - 40% - 17:15
2 - 27% - 30% - 13:39
3 - 21% - 20% - 10:35
4 - 17% - 10% - 8:36
Normal Defense
1 - 39% - 40% - 19:35
2 - 27% - 30% - 13:26
3 - 25% - 20% - 12:30
4 - 9% - 10% - 4:34
PP Forward
1 - 55% - 60% - 4:22
2 - 45% - 40% - 3:34
PP Defense
1 - 59% - 60% - 4:39
2 - 41% - 40% - 3:17
PK Forward
1 - 0% - 60%
2 - 0% - 40%
PK Defense
1 - 0% - 60%
2 - 0% - 40%
PK3 Forward
1 - 0% - 60%
2 - 0% - 40%
PK3 Defense
1 - 0% - 60%
2 - 0% - 40%
44 Forward
1 - 76% - 60% - 1:31
2 - 24% - 40% - 0:28
44 Defense
1 - 55% - 60% - 1:05
2 - 45% - 40% - 0:54
Last Minute Offensive - 0:00
Last Minute Defensive - 0:00
Total
Forward - 60:00
Defense - 60:00
|
% Time on Ice - Avalanche
Lines # - Real PCT - Wanted PCT - Time Play
Normal Forward
1 - 36% - 40% - 18:01
2 - 31% - 30% - 15:31
3 - 17% - 15% - 8:21
4 - 16% - 15% - 8:12
Normal Defense
1 - 40% - 40% - 20:04
2 - 29% - 30% - 14:18
3 - 31% - 30% - 15:43
4 - 0% - 0% - 0:00
PP Forward
1 - 0% - 60%
2 - 0% - 40%
PP Defense
1 - 0% - 60%
2 - 0% - 40%
PK Forward
1 - 76% - 60% - 6:04
2 - 24% - 40% - 1:52
PK Defense
1 - 57% - 60% - 4:32
2 - 43% - 40% - 3:24
PK3 Forward
1 - 0% - 60%
2 - 0% - 40%
PK3 Defense
1 - 0% - 60%
2 - 0% - 40%
44 Forward
1 - 70% - 60% - 1:23
2 - 30% - 40% - 0:36
44 Defense
1 - 64% - 60% - 1:16
2 - 36% - 40% - 0:43
Last Minute Offensive - 0:00
Last Minute Defensive - 0:00
Total
Forward - 60:00
Defense - 60:00
|
Play by Play
1st period
0:01 of 1st period - Anze Kopitar wins face-off versus Mike Comrie in neutral zone.
0:06 of 1st period - Snap shot by Sergei Zubov.
0:06 of 1st period - Stopped by Patrick Lalime without a rebound.
0:07 of 1st period - Anze Kopitar wins face-off versus Mike Comrie in Avalanche zone.
0:14 of 1st period - Snap shot by Anze Kopitar.
0:14 of 1st period - Shot Misses the Net.
0:36 of 1st period - Jack Johnson is hit by Doug Weight and loses puck.
0:57 of 1st period - Slapshot by Jason Williams.
0:57 of 1st period - Stopped by Patrick Lalime with a rebound.
0:59 of 1st period - Snap shot by Raffi Torres.
0:59 of 1st period - Shot Misses the Net.
2:03 of 1st period - Wrist shot by Doug Weight.
2:03 of 1st period - Shot Misses the Net.
2:05 of 1st period - Snap shot by Ben Lovejoy.
2:05 of 1st period - Deflect By Marian Hossa.
2:05 of 1st period - Shot Misses the Net.
2:05 of 1st period - Puck is out of play.
2:06 of 1st period - Ryan Smyth wins face-off versus Doug Weight in Avalanche zone.
2:38 of 1st period - Wrist shot by Rostislav Olesz.
2:38 of 1st period - Stopped by Jimmy Howard without a rebound.
2:39 of 1st period - Olli Jokinen wins face-off versus Dustin Byfuglien in Devils zone.
3:29 of 1st period - Icing by Henrik Zetterberg.
3:30 of 1st period - Anze Kopitar wins face-off versus Mike Comrie in Devils zone.
3:37 of 1st period - Wrist shot by Anze Kopitar.
3:37 of 1st period - Shot Blocked by Mattias Norstrom.
3:39 of 1st period - Snap shot by Anze Kopitar.
3:39 of 1st period - Shot Misses the Net.
3:41 of 1st period - Wrist shot by Henrik Zetterberg.
3:41 of 1st period - Stopped by Patrick Lalime with a rebound.
4:14 of 1st period - Icing by Roman Hamrlik.
4:15 of 1st period - Anze Kopitar wins face-off versus Oleg Kvasha in Devils zone.
4:50 of 1st period - Wrist shot by Marian Hossa.
4:50 of 1st period - Shot Misses the Net.
4:52 of 1st period - Snap shot by Marian Hossa.
4:52 of 1st period - Deflect By Ramzi Abid.
4:52 of 1st period - Shot Misses the Net.
4:52 of 1st period - Puck is out of play.
4:53 of 1st period - Doug Weight wins face-off versus Oleg Kvasha in Avalanche zone.
5:46 of 1st period - Slapshot by Sergei Zubov.
5:46 of 1st period - Stopped by Patrick Lalime with a rebound.
6:04 of 1st period - Wrist shot by Andrew Ladd.
6:04 of 1st period - Stopped by Jimmy Howard with a rebound.
6:06 of 1st period - Slapshot by Ossi Vaananen.
6:06 of 1st period - Stopped by Jimmy Howard with a rebound.
6:08 of 1st period - Wrist shot by Éric Perrin.
6:08 of 1st period - Deflect By Andrew Ladd.
6:08 of 1st period - Shot Hit the Post.
6:08 of 1st period - Puck is out of play.
6:09 of 1st period - Éric Perrin wins face-off versus Raffi Torres in Devils zone.
7:22 of 1st period - Dustin Byfuglien is hit by Radek Dvorak and loses puck.
7:36 of 1st period - Icing by Greg De Vries.
7:37 of 1st period - Jason Williams wins face-off versus Mike Comrie in Devils zone.
7:42 of 1st period - Slapshot by Sergei Zubov.
7:42 of 1st period - Deflect By Jack Johnson.
7:42 of 1st period - Stopped by Patrick Lalime with a rebound.
8:22 of 1st period - Wrist shot by Jason Williams.
8:22 of 1st period - Stopped by Patrick Lalime with a rebound.
8:24 of 1st period - Slapshot by Sergei Zubov.
8:24 of 1st period - Shot Misses the Net.
8:26 of 1st period - Slapshot by Sergei Zubov.
8:26 of 1st period - Shot Misses the Net.
8:42 of 1st period - Slapshot by Sergei Zubov.
8:42 of 1st period - Shot Misses the Net.
8:52 of 1st period - Slapshot by Sergei Zubov.
8:52 of 1st period - Stopped by Patrick Lalime without a rebound.
8:53 of 1st period - Marian Hossa wins face-off versus Oleg Kvasha in Avalanche zone.
8:54 of 1st period - Slapshot by Doug Weight.
8:54 of 1st period - Deflect By Ramzi Abid.
8:54 of 1st period - Shot Blocked by Ossi Vaananen.
8:54 of 1st period - Puck is out of play.
8:55 of 1st period - Doug Weight wins face-off versus Rostislav Olesz in Avalanche zone.
9:42 of 1st period - Minor Penalty to Sami Salo for Hooking.
9:42 of 1st period - Minor Penalty to Chris Kunitz for Interference.
9:43 of 1st period - Ryan Smyth wins face-off versus Olli Jokinen in neutral zone.
11:25 of 1st period - Marian Hossa is hit by Jason Pominville and loses puck.
11:42 of 1st period - Penalty to Sami Salo is over, Sami Salo is back on ice.
11:42 of 1st period - Penalty to Chris Kunitz is over, Chris Kunitz is back on ice.
11:52 of 1st period - Snap shot by Mike Comrie.
11:52 of 1st period - Shot Misses the Net.
11:54 of 1st period - Snap shot by Marc Staal.
11:54 of 1st period - Stopped by Jimmy Howard without a rebound.
11:55 of 1st period - Doug Weight wins face-off versus Maxim Talbot in Devils zone.
12:00 of 1st period - Marian Hossa is hit by Jeff Taffe.
12:18 of 1st period - Wrist shot by Éric Perrin.
12:18 of 1st period - Stopped by Jimmy Howard with a rebound.
12:20 of 1st period - Slapshot by Dave Tanabe.
12:20 of 1st period - Deflect By Éric Perrin.
12:20 of 1st period - Stopped by Jimmy Howard with a rebound.
12:22 of 1st period - Slapshot by Ossi Vaananen.
12:22 of 1st period - Stopped by Jimmy Howard with a rebound.
12:41 of 1st period - Off-side.
12:42 of 1st period - Olli Jokinen wins face-off versus Oleg Kvasha in neutral zone.
13:16 of 1st period - Marc Staal is hit by Peter Prucha and loses puck.
14:02 of 1st period - Snap shot by Peter Prucha.
14:02 of 1st period - Goal by Peter Prucha - Devils : 1 - Avalanche : 0.
14:03 of 1st period - Mike Comrie wins face-off versus Anze Kopitar in neutral zone.
14:18 of 1st period - Snap shot by Jason Pominville.
14:18 of 1st period - Stopped by Jimmy Howard without a rebound.
14:19 of 1st period - Doug Weight wins face-off versus Maxim Talbot in Devils zone.
14:42 of 1st period - Icing by Jack Johnson.
14:43 of 1st period - Anze Kopitar wins face-off versus Mike Comrie in Avalanche zone.
14:44 of 1st period - Backhand shot by Henrik Zetterberg.
14:44 of 1st period - Shot Hit the Post.
14:51 of 1st period - Off-side.
14:52 of 1st period - Mike Comrie wins face-off versus Anze Kopitar in neutral zone.
15:19 of 1st period - Marian Hossa is hit by Rostislav Olesz and loses puck.
15:49 of 1st period - Snap shot by Olli Jokinen.
15:49 of 1st period - Stopped by Patrick Lalime with a rebound.
15:51 of 1st period - Wrist shot by Peter Prucha.
15:51 of 1st period - Stopped by Patrick Lalime with a rebound.
15:53 of 1st period - Slapshot by Greg De Vries.
15:53 of 1st period - Stopped by Patrick Lalime without a rebound.
15:54 of 1st period - Mike Comrie wins face-off versus Anze Kopitar in Avalanche zone.
16:19 of 1st period - Rostislav Olesz is hit by Doug Weight and loses puck.
16:50 of 1st period - Wrist shot by Chris Kunitz.
16:50 of 1st period - Shot Misses the Net.
16:52 of 1st period - Wrist shot by Chris Kunitz.
16:52 of 1st period - Shot Misses the Net.
17:11 of 1st period - Ryan Smyth is hit by Ben Lovejoy and loses puck.
17:31 of 1st period - Wrist shot by Andrew Ladd.
17:31 of 1st period - Shot Misses the Net.
17:43 of 1st period - Snap shot by Oleg Kvasha.
17:43 of 1st period - Stopped by Jimmy Howard without a rebound.
17:44 of 1st period - Doug Weight wins face-off versus Oleg Kvasha in Devils zone.
18:19 of 1st period - Snap shot by Teemu Selanne.
18:19 of 1st period - Stopped by Patrick Lalime without a rebound.
18:20 of 1st period - Doug Weight wins face-off versus Mike Comrie in Avalanche zone.
18:45 of 1st period - Anze Kopitar is hit by Ossi Vaananen and loses puck.
19:36 of 1st period - Slapshot by Sami Salo.
19:36 of 1st period - Stopped by Jimmy Howard with a rebound.
19:38 of 1st period - Wrist shot by Éric Perrin.
19:38 of 1st period - Stopped by Jimmy Howard without a rebound.
19:39 of 1st period - Anze Kopitar wins face-off versus Mike Comrie in Devils zone.
19:50 of 1st period - Wrist shot by Ryan Smyth.
19:50 of 1st period - Stopped by Jimmy Howard without a rebound.
19:51 of 1st period - Mike Comrie wins face-off versus Anze Kopitar in Devils zone.
2nd period
0:01 of 2nd period - Anze Kopitar wins face-off versus Jason Pominville in neutral zone.
0:12 of 2nd period - Sami Salo is hit by Henrik Zetterberg and loses puck.
0:46 of 2nd period - Snap shot by Sergei Zubov.
0:46 of 2nd period - Shot Misses the Net.
0:48 of 2nd period - Slapshot by Sergei Zubov.
0:48 of 2nd period - Stopped by Patrick Lalime with a rebound.
0:52 of 2nd period - Snap shot by Sergei Zubov.
0:52 of 2nd period - Stopped by Patrick Lalime without a rebound.
0:53 of 2nd period - Henrik Zetterberg wins face-off versus Mike Comrie in Avalanche zone.
0:56 of 2nd period - Snap shot by Henrik Zetterberg.
0:56 of 2nd period - Goal by Henrik Zetterberg - Devils : 2 - Avalanche : 0.
0:57 of 2nd period - Anze Kopitar wins face-off versus Mike Comrie in neutral zone.
1:34 of 2nd period - Snap shot by Jeff Taffe.
1:34 of 2nd period - Shot Blocked by Anze Kopitar.
1:57 of 2nd period - Slapshot by Anze Kopitar.
1:57 of 2nd period - Shot Blocked by Jack Johnson.
1:59 of 2nd period - Wrist shot by Teemu Selanne.
1:59 of 2nd period - Stopped by Patrick Lalime with a rebound.
2:24 of 2nd period - Slapshot by Sergei Zubov.
2:24 of 2nd period - Shot Misses the Net.
2:26 of 2nd period - Slapshot by Teemu Selanne.
2:26 of 2nd period - Stopped by Patrick Lalime without a rebound.
2:27 of 2nd period - Doug Weight wins face-off versus Mike Comrie in Avalanche zone.
3:19 of 2nd period - Snap shot by Éric Perrin.
3:19 of 2nd period - Deflect By Andrew Ladd.
3:19 of 2nd period - Stopped by Jimmy Howard with a rebound.
3:46 of 2nd period - Icing by Ossi Vaananen.
3:47 of 2nd period - Oleg Kvasha wins face-off versus Olli Jokinen in Avalanche zone.
3:49 of 2nd period - Minor Penalty to Ryan Smyth for Holding.
3:50 of 2nd period - Maxim Talbot wins face-off versus Anze Kopitar in Avalanche zone.
5:47 of 2nd period - Jack Johnson is hit by Roman Hamrlik and loses puck.
5:49 of 2nd period - Penalty to Ryan Smyth is over, Ryan Smyth is back on ice.
6:00 of 2nd period - Ryan Smyth is hit by Richard Matvichuk and loses puck.
6:11 of 2nd period - Wrist shot by Rostislav Olesz.
6:11 of 2nd period - Shot Misses the Net.
6:13 of 2nd period - Slapshot by Oleg Kvasha.
6:13 of 2nd period - Stopped by Jimmy Howard with a rebound.
6:31 of 2nd period - Sergei Zubov is hit by Radim Vrbata.
6:57 of 2nd period - Radim Vrbata is hit by Richard Matvichuk and loses puck.
7:14 of 2nd period - Slapshot by Mike Comrie.
7:14 of 2nd period - Stopped by Jimmy Howard with a rebound.
7:16 of 2nd period - Snap shot by Mike Comrie.
7:16 of 2nd period - Shot Blocked by Chris Pronger.
7:18 of 2nd period - Slapshot by Jack Johnson.
7:18 of 2nd period - Shot Blocked by Ben Lovejoy.
7:20 of 2nd period - Wrist shot by Mike Comrie.
7:20 of 2nd period - Shot Blocked by Ben Lovejoy.
7:56 of 2nd period - Slapshot by Marian Hossa.
7:56 of 2nd period - Shot Hit the Post.
8:06 of 2nd period - Slapshot by Sami Salo.
8:06 of 2nd period - Stopped by Jimmy Howard with a rebound.
8:16 of 2nd period - Marc Staal is hit by Roman Hamrlik and loses puck.
10:16 of 2nd period - Ryan Smyth is hit by Doug Weight and loses puck.
10:27 of 2nd period - Icing by Doug Weight.
10:28 of 2nd period - Éric Perrin wins face-off versus Anze Kopitar in Devils zone.
10:51 of 2nd period - Slapshot by Ben Lovejoy.
10:51 of 2nd period - Shot Blocked by Chuck Kobasew.
10:53 of 2nd period - Wrist shot by Peter Prucha.
10:53 of 2nd period - Shot Misses the Net.
10:55 of 2nd period - Slapshot by Ben Lovejoy.
10:55 of 2nd period - Stopped by Patrick Lalime with a rebound.
10:57 of 2nd period - Snap shot by Olli Jokinen.
10:57 of 2nd period - Stopped by Patrick Lalime without a rebound.
10:58 of 2nd period - Mike Comrie wins face-off versus Teemu Selanne in Avalanche zone.
11:25 of 2nd period - Radim Vrbata is hit by Greg De Vries and loses puck.
11:59 of 2nd period - Off-side.
12:00 of 2nd period - Mike Comrie wins face-off versus Anze Kopitar in neutral zone.
12:11 of 2nd period - Wrist shot by Jason Pominville.
12:11 of 2nd period - Shot Hit the Post.
12:13 of 2nd period - Slapshot by Dave Tanabe.
12:13 of 2nd period - Deflect By Mike Comrie.
12:13 of 2nd period - Goal by Mike Comrie - Devils : 2 - Avalanche : 1.
12:14 of 2nd period - Doug Weight wins face-off versus Mike Comrie in neutral zone.
12:45 of 2nd period - Off-side.
12:46 of 2nd period - Radim Vrbata wins face-off versus Anze Kopitar in neutral zone.
12:59 of 2nd period - Snap shot by Teemu Selanne.
12:59 of 2nd period - Goal by Teemu Selanne - Devils : 3 - Avalanche : 1.
13:00 of 2nd period - Doug Weight wins face-off versus Mike Comrie in neutral zone.
13:05 of 2nd period - Slapshot by Mike Comrie.
13:05 of 2nd period - Shot Misses the Net.
14:02 of 2nd period - Wrist shot by Sergei Zubov.
14:02 of 2nd period - Shot Blocked by Dustin Byfuglien.
14:32 of 2nd period - Snap shot by Ramzi Abid.
14:32 of 2nd period - Stopped by Patrick Lalime without a rebound.
14:33 of 2nd period - Oleg Kvasha wins face-off versus Anze Kopitar in Avalanche zone.
14:42 of 2nd period - Snap shot by Oleg Kvasha.
14:42 of 2nd period - Stopped by Jimmy Howard without a rebound.
14:43 of 2nd period - Oleg Kvasha wins face-off versus Anze Kopitar in Devils zone.
14:44 of 2nd period - Snap shot by Rostislav Olesz.
14:44 of 2nd period - Shot Misses the Net.
14:50 of 2nd period - Snap shot by Rostislav Olesz.
14:50 of 2nd period - Stopped by Jimmy Howard without a rebound.
14:51 of 2nd period - Mike Comrie wins face-off versus Anze Kopitar in Devils zone.
15:04 of 2nd period - Wrist shot by Teemu Selanne.
15:04 of 2nd period - Goal by Teemu Selanne - Devils : 4 - Avalanche : 1.
15:05 of 2nd period - Doug Weight wins face-off versus Mike Comrie in neutral zone.
15:12 of 2nd period - Snap shot by Marian Hossa.
15:12 of 2nd period - Shot Blocked by Marc Staal.
16:00 of 2nd period - Wrist shot by Peter Prucha.
16:00 of 2nd period - Shot Misses the Net.
16:12 of 2nd period - Slapshot by Ryan Smyth.
16:12 of 2nd period - Shot Misses the Net.
16:42 of 2nd period - Doug Weight is hit by Andrew Ladd.
17:19 of 2nd period - Snap shot by Olli Jokinen.
17:19 of 2nd period - Stopped by Patrick Lalime without a rebound.
17:20 of 2nd period - Maxim Talbot wins face-off versus Olli Jokinen in Avalanche zone.
17:45 of 2nd period - Snap shot by Maxim Talbot.
17:45 of 2nd period - Shot Misses the Net.
18:36 of 2nd period - Snap shot by Oleg Kvasha.
18:36 of 2nd period - Stopped by Jimmy Howard without a rebound.
18:37 of 2nd period - Doug Weight wins face-off versus Oleg Kvasha in Devils zone.
19:10 of 2nd period - Slapshot by Oleg Kvasha.
19:10 of 2nd period - Shot Misses the Net.
19:12 of 2nd period - Snap shot by Radim Vrbata.
19:12 of 2nd period - Shot Misses the Net.
19:14 of 2nd period - Wrist shot by Radim Vrbata.
19:14 of 2nd period - Stopped by Jimmy Howard with a rebound.
19:16 of 2nd period - Wrist shot by Oleg Kvasha.
19:16 of 2nd period - Stopped by Jimmy Howard without a rebound.
19:17 of 2nd period - Mike Comrie wins face-off versus Anze Kopitar in Devils zone.
19:20 of 2nd period - Wrist shot by Ryan Smyth.
19:20 of 2nd period - Stopped by Jimmy Howard without a rebound.
19:21 of 2nd period - Mike Comrie wins face-off versus Teemu Selanne in Devils zone.
19:22 of 2nd period - Snap shot by Jason Pominville.
19:22 of 2nd period - Shot Misses the Net.
19:24 of 2nd period - Snap shot by Ryan Smyth.
19:24 of 2nd period - Stopped by Jimmy Howard without a rebound.
19:25 of 2nd period - Mike Comrie wins face-off versus Anze Kopitar in Devils zone.
19:26 of 2nd period - Wrist shot by Ryan Smyth.
19:26 of 2nd period - Deflect By Teemu Selanne.
19:26 of 2nd period - Stopped by Jimmy Howard without a rebound.
19:27 of 2nd period - Mike Comrie wins face-off versus Anze Kopitar in Devils zone.
19:32 of 2nd period - Wrist shot by Ryan Smyth.
19:32 of 2nd period - Shot Blocked by Chris Pronger.
19:40 of 2nd period - Slapshot by Ryan Smyth.
19:40 of 2nd period - Shot Misses the Net.
19:56 of 2nd period - Wrist shot by Ryan Smyth.
19:56 of 2nd period - Stopped by Jimmy Howard without a rebound.
19:57 of 2nd period - Doug Weight wins face-off versus Oleg Kvasha in Devils zone.
3rd period
0:01 of 3rd period - Anze Kopitar wins face-off versus Mike Comrie in neutral zone.
0:06 of 3rd period - Snap shot by Anze Kopitar.
0:06 of 3rd period - Stopped by Patrick Lalime with a rebound.
0:28 of 3rd period - Slapshot by Marian Hossa.
0:28 of 3rd period - Stopped by Patrick Lalime with a rebound.
0:30 of 3rd period - Wrist shot by Marian Hossa.
0:30 of 3rd period - Stopped by Patrick Lalime without a rebound.
0:31 of 3rd period - Doug Weight wins face-off versus Oleg Kvasha in Avalanche zone.
0:44 of 3rd period - Snap shot by Marian Hossa.
0:44 of 3rd period - Shot Misses the Net.
1:08 of 3rd period - Slapshot by Doug Weight.
1:08 of 3rd period - Deflect By Marian Hossa.
1:08 of 3rd period - Stopped by Patrick Lalime with a rebound.
1:09 of 3rd period - Minor Penalty to Radim Vrbata for Hooking.
1:10 of 3rd period - Maxim Talbot wins face-off versus Anze Kopitar in Avalanche zone.
2:35 of 3rd period - Backhand shot by Jack Johnson.
2:35 of 3rd period - Shot Misses the Net.
3:09 of 3rd period - Penalty to Radim Vrbata is over, Radim Vrbata is back on ice.
3:42 of 3rd period - Snap shot by Ryan Smyth.
3:42 of 3rd period - Shot Blocked by Doug Weight.
3:52 of 3rd period - Jack Johnson is hit by Doug Weight.
3:56 of 3rd period - Mike Comrie is hit by Chris Kunitz and loses puck.
4:19 of 3rd period - Raffi Torres is hit by Dustin Byfuglien and loses puck.
4:30 of 3rd period - Oleg Kvasha is hit by Anze Kopitar and loses puck.
4:41 of 3rd period - Doug Weight is hit by Sami Salo and loses puck.
5:06 of 3rd period - Wrist shot by Radek Dvorak.
5:06 of 3rd period - Shot Misses the Net.
5:08 of 3rd period - Wrist shot by Raffi Torres.
5:08 of 3rd period - Stopped by Patrick Lalime with a rebound.
5:44 of 3rd period - Slapshot by Jack Johnson.
5:44 of 3rd period - Shot Misses the Net.
5:46 of 3rd period - Slapshot by Éric Perrin.
5:46 of 3rd period - Shot Misses the Net.
5:48 of 3rd period - Slapshot by Marc Staal.
5:48 of 3rd period - Stopped by Jimmy Howard with a rebound.
6:21 of 3rd period - Off-side.
6:22 of 3rd period - Éric Perrin wins face-off versus Teemu Selanne in neutral zone.
6:41 of 3rd period - Greg De Vries is hit by Dave Tanabe and loses puck.
7:40 of 3rd period - Slapshot by Maxim Talbot.
7:40 of 3rd period - Stopped by Jimmy Howard with a rebound.
7:42 of 3rd period - Slapshot by Jack Johnson.
7:42 of 3rd period - Deflect By Chris Pronger.
7:42 of 3rd period - Stopped by Jimmy Howard without a rebound.
7:43 of 3rd period - Maxim Talbot wins face-off versus Anze Kopitar in Devils zone.
7:44 of 3rd period - Wrist shot by Jeff Taffe.
7:44 of 3rd period - Shot Misses the Net.
7:57 of 3rd period - Wrist shot by Teemu Selanne.
7:57 of 3rd period - Shot Misses the Net.
8:09 of 3rd period - Mattias Norstrom is hit by Marian Hossa and loses puck.
8:29 of 3rd period - Off-side.
8:30 of 3rd period - Oleg Kvasha wins face-off versus Olli Jokinen in neutral zone.
8:35 of 3rd period - Slapshot by Radim Vrbata.
8:35 of 3rd period - Shot Blocked by Sergei Zubov.
8:59 of 3rd period - Off-side.
9:00 of 3rd period - Anze Kopitar wins face-off versus Mike Comrie in neutral zone.
9:26 of 3rd period - Chris Pronger is hit by Dustin Byfuglien and loses puck.
9:45 of 3rd period - Slapshot by Sergei Zubov.
9:45 of 3rd period - Deflect By Radim Vrbata.
9:45 of 3rd period - Stopped by Patrick Lalime with a rebound.
9:47 of 3rd period - Snap shot by Henrik Zetterberg.
9:47 of 3rd period - Stopped by Patrick Lalime with a rebound.
9:49 of 3rd period - Slapshot by Teemu Selanne.
9:49 of 3rd period - Stopped by Patrick Lalime without a rebound.
9:50 of 3rd period - Oleg Kvasha wins face-off versus Doug Weight in Avalanche zone.
9:57 of 3rd period - Snap shot by Rostislav Olesz.
9:57 of 3rd period - Stopped by Jimmy Howard without a rebound.
9:58 of 3rd period - Mike Comrie wins face-off versus Doug Weight in Devils zone.
10:27 of 3rd period - Wrist shot by Rostislav Olesz.
10:27 of 3rd period - Stopped by Jimmy Howard with a rebound.
10:29 of 3rd period - Slapshot by Oleg Kvasha.
10:29 of 3rd period - Shot Misses the Net.
11:01 of 3rd period - Wrist shot by Andrew Ladd.
11:01 of 3rd period - Shot Misses the Net.
11:02 of 3rd period - Minor Penalty to Andrew Ladd for Holding.
11:03 of 3rd period - Anze Kopitar wins face-off versus Maxim Talbot in Avalanche zone.
11:12 of 3rd period - Slapshot by Anze Kopitar.
11:12 of 3rd period - Shot Misses the Net.
11:36 of 3rd period - Marc Staal is hit by Henrik Zetterberg and loses puck.
11:45 of 3rd period - Wrist shot by Marian Hossa.
11:45 of 3rd period - Shot Misses the Net.
13:02 of 3rd period - Penalty to Andrew Ladd is over, Andrew Ladd is back on ice.
14:09 of 3rd period - Snap shot by Doug Weight.
14:09 of 3rd period - Stopped by Patrick Lalime with a rebound.
14:19 of 3rd period - Richard Matvichuk is hit by Oleg Kvasha and loses puck.
15:12 of 3rd period - Snap shot by Marian Hossa.
15:12 of 3rd period - Stopped by Patrick Lalime with a rebound.
15:14 of 3rd period - Slapshot by Richard Matvichuk.
15:14 of 3rd period - Stopped by Patrick Lalime without a rebound.
15:15 of 3rd period - Doug Weight wins face-off versus Oleg Kvasha in Avalanche zone.
15:23 of 3rd period - Minor Penalty to Oleg Kvasha for Holding Stick.
15:24 of 3rd period - Maxim Talbot wins face-off versus Teemu Selanne in Avalanche zone.
15:37 of 3rd period - Ossi Vaananen is hit by Anze Kopitar and loses puck.
17:23 of 3rd period - Penalty to Oleg Kvasha is over, Oleg Kvasha is back on ice.
18:14 of 3rd period - Wrist shot by Oleg Kvasha.
18:14 of 3rd period - Deflect By Rostislav Olesz.
18:14 of 3rd period - Shot Misses the Net.
18:14 of 3rd period - Puck is out of play.
18:15 of 3rd period - Doug Weight wins face-off versus Mike Comrie in Devils zone.
18:23 of 3rd period - Icing by Ryan Smyth.
18:24 of 3rd period - Mike Comrie wins face-off versus Doug Weight in Avalanche zone.
18:57 of 3rd period - Snap shot by Ramzi Abid.
18:57 of 3rd period - Goal by Ramzi Abid - Devils : 5 - Avalanche : 1.
18:58 of 3rd period - Oleg Kvasha wins face-off versus Anze Kopitar in neutral zone.
19:48 of 3rd period - Slapshot by Chuck Kobasew.
19:48 of 3rd period - Stopped by Jimmy Howard without a rebound.
19:49 of 3rd period - Anze Kopitar wins face-off versus Maxim Talbot in Devils zone.
Output by the SimonT Hockey Simulator (STHS) for François Prévost -- Original Page W3C XHTML 1.0 Valid